 Dungeon Crawl Stone Soup version 0.22-a0-247-gbddf880757 (webtiles) character file.

42214 Peterchen the Executioner (level 13, -5/113 HPs)
             Began as a Minotaur Berserker on Feb 24, 2018.
             Was a High Priest of Trog.
             Slain by a salamander (shapeshifter) (12 damage)
             ... on level 1 of the Depths.
             The game lasted 00:56:11 (17987 turns).

Peterchen the Executioner (Minotaur Berserker)     Turns: 17987, Time: 00:56:12

Health: -5/113     AC: 16    Str: 26    XL:     13   Next: 84%
Magic:  12/12      EV:  9    Int:  4    God:    Trog [*****.]
Gold:   607        SH:  0    Dex: 11    Spells: 12/12 levels left

rFire    . . .     SeeInvis .   O - +2 executioner's axe (flame)
rCold    . . .     Gourm    .   (shield currently unavailable)
rNeg     + . .     Faith    +   I - +4 chain mail {rPois}
rPois    +         Spirit   .   (helmet restricted)
rElec    .         Reflect  .   t - +0 cloak
rCorr    .         Harm     .   n - +0 pair of gloves
MR       +++..                  g - +0 pair of boots "Siv Zaps" {rN+ Stlth+}
Stlth    ..........             d - amulet of faith
HPRegen  1.28/turn              b - ring of protection from magic
MPRegen  0.13/turn              (no ring)

@: berserk cooldown, regenerating, slowed, very slow
A: retaliatory headbutt, horns 2
a: Berserk, Trog's Hand, Brothers in Arms, Renounce Religion


You were on level 1 of the Depths.
You worshipped Trog.
Trog was extremely pleased with you.
You were near starving.

You visited 2 branches of the dungeon, and saw 16 of its levels.

You collected 1141 gold pieces.
You spent 534 gold pieces at shops.

Inventory:

Hand Weapons
 j - a +6 antimagic battleaxe
 O - a +2 executioner's axe of flaming (weapon)
Missiles
 u - 5 javelins (quivered)
 C - 18 tomahawks
Armour
 g - the +0 pair of boots "Siv Zaps" (worn) {rN+ Stlth+}
   (You bought it in a shop on level 14 of the Dungeon)

   It protects you from negative energy.
   It makes you more stealthy.
 n - a +0 pair of gloves (worn)
 t - a +0 cloak (worn)
 I - a +4 chain mail of poison resistance (worn)
Jewellery
 b - a ring of protection from magic (left hand)
 d - an amulet of faith (around neck)
Wands
 p - a wand of acid (8)
 z - a wand of flame (23)
 A - a wand of polymorph (23)
 F - a wand of scattershot (4)
 K - a wand of paralysis (10)
Scrolls
 e - 3 scrolls of teleportation
 f - 6 scrolls of remove curse
 h - 4 scrolls of fog
 l - a scroll of summoning {unknown}
 m - a scroll of identify
 o - 6 scrolls of amnesia
 w - 2 scrolls of enchant weapon {unknown}
 y - 6 scrolls of immolation
 B - 2 scrolls of enchant armour
 D - a scroll of fear {unknown}
 H - a scroll of random uselessness {unknown}
 L - a scroll of brand weapon {unknown}
 N - a scroll of magic mapping {unknown}
Potions
 a - 2 potions of mutation
 i - 3 potions of ambrosia
 k - 2 potions of magic
 q - a potion of flight
 r - 6 potions of curing
 s - 3 potions of brilliance
 v - 3 potions of lignification
 x - a potion of haste {unknown}
 E - a potion of berserk rage {unknown}
 G - a potion of invisibility
 J - 2 potions of heal wounds
 P - a potion of agility
 Q - a potion of resistance {unknown}
Comestibles
 c - 24 rations


   Skills:
 - Level 9.8 Fighting
 * Level 24.1 Axes
 - Level 2.4 Armour
 - Level 2.1 Dodging


You had 12 spell levels left.
You didn't know any spells.

Dungeon Overview and Level Annotations

Branches:
Dungeon (15/15)            Temple (0/1) D:6            Lair (0/6) D:9
    Orc (0/2) D:9          Vaults (0/5) D:14         Depths (1/5) D:15

Altars:
Ashenzari
Elyvilon
Gozag
Nemelex Xobeh
Okawaru
Qazlal
Ru
Trog
Uskayaw
Xom
Yredelemnul
Zin
The Shining One
Beogh

Shops:
D:7 [   D:13 (   D:14 *   D:15 :(![

Portals:
Trove: D:11 (give 7 potions of haste)


Innate Abilities, Weirdness & Mutations

You reflexively headbutt those who attack you in melee.
You have a pair of horns on your head.


Message History

Things that are here:
an uncursed arbalest x2; 32 bolts You slice the salamander!!
The salamander is heavily wounded.
The salamander hits you but does no damage.
You slash the salamander!
The salamander is severely wounded.
The salamander hits you.
You are engulfed in flames!
* * * LOW HITPOINT WARNING * * *
You're still recovering from your berserk rage.
Your skin crawls.
You feel resistant to hostile enchantments.
You feel somewhat more hungry. The salamander hits you.
* * * LOW HITPOINT WARNING * * *
You are engulfed in flames!
* * * LOW HITPOINT WARNING * * *
The salamander hits you!
* * * LOW HITPOINT WARNING * * *
You are engulfed in flames!
You die...

#### ### ..#
... #.# ###.###
#N#####..(#.# #
#.@)(.'.###<#>#
#######.......#
#####'### #.#
..# ###


You could see a salamander.

Vanquished Creatures
  Rupert (D:15)
  Kirke (D:13)
  Azrael (D:14)
  A yaktaur captain (D:15)
  Erolcha (D:11)
  2 vault guards (D:14)
  A hydra (D:15)
  2 centaur warriors (D:15)
  9 two-headed ogres
  An unseen horror (D:12)
  A wizard (D:15)
  An orange crystal statue (D:15)
  2 deep elf magi
  A necromancer (Depths:1)
  An orc knight (D:15)
  A fire giant zombie (Depths:1)
  4 cyclopes
  A stone giant skeleton (Depths:1)
  Joseph (D:10)
  3 gargoyles
  4 centaur skeletons
  A kobold demonologist (D:15)
  4 yaktaurs
  4 komodo dragons
  A tengu conjurer (D:14)
  3 meliai (D:13)
  3 trolls
  2 elf zombies (Depths:1)
  A fire dragon zombie (Depths:1)
  Prince Ribbit (D:7)
  6 hippogriffs
  2 slime creatures (D:12)
  5 wyverns
  A spriggan (D:7)
  11 yaks
  3 fire elementals (D:14)
  7 hogs (D:13)
  2 vampire mosquitoes (D:15)
  Grum (D:11)
  2 hungry ghosts
  A harpy simulacrum (D:14)
  A warg (D:15)
  A hell hound (D:14)
  Duvessa (D:6)
  7 ice beasts
  10 orc warriors
  4 boggarts (D:15)
  2 ogres
  2 eyes of draining
  6 phantoms
  12 centaurs
  4 wolves (D:11)
  3 big kobolds
  10 bullfrogs
  Dowan (D:6)
  4 wyvern skeletons
  2 scorpions
  5 killer bees (D:11)
  4 wights (D:9)
  10 howler monkeys
  5 crimson imps
  4 centaur zombies
  7 hounds
  A gnoll shaman (D:6)
  Crazy Yiuf (D:2)
  6 orc priests
  2 bullfrog skeletons
  2 jellies
  4 orc wizards
  7 iguanas
  Jessica (D:3)
  11 worker ants
  A hound skeleton (D:4)
  A worker ant zombie (D:5)
  5 gnolls (D:6)
  13 adders
  A shadow imp (D:12)
  An adder zombie (D:5)
  An adder skeleton (D:6)
  2 worms
  2 dart slugs
  8 leopard geckos
  51 orcs
  6 giant cockroaches
  5 goblins
  7 hobgoblins
  7 jackals
  25 kobolds
  3 quokkas
  3 ball pythons
  6 bats
  5 frilled lizards
  A leopard gecko skeleton (D:11)
  A quokka skeleton (D:7)
  7 rats
403 creatures vanquished.

Vanquished Creatures (collateral kills)
  A vault guard (D:14)
  A komodo dragon (D:9)
  A howler monkey (D:14)
3 creatures vanquished.

Vanquished Creatures (others)
  A plant (D:9)
1 creature vanquished.

Grand Total: 407 creatures vanquished

Notes
Turn   | Place    | Note
-------+----------+-------------------------------------------
     0 | D:1      | Peterchen the Minotaur Berserker began the quest for the Orb.
     0 | D:1      | Reached XP level 1. HP: 19/19 MP: 0/0
    33 | D:1      | Reached skill level 4 in Axes
   193 | D:1      | Reached XP level 2. HP: 26/26 MP: 1/1
   338 | D:1      | Reached ** piety under Trog
   364 | D:1      | Reached skill level 5 in Axes
   509 | D:1      | Reached XP level 3. HP: 31/31 MP: 2/2
   901 | D:2      | Found a white marble altar of Elyvilon.
   915 | D:2      | Found a shattered altar of Ashenzari.
  1117 | D:2      | Reached skill level 6 in Axes
  1117 | D:2      | Reached XP level 4. HP: 39/39 MP: 3/3
  1612 | D:2      | Found a runed door.
  1616 | D:2      | Noticed Crazy Yiuf
  1619 | D:2      | Killed Crazy Yiuf
  1748 | D:3      | Noticed Jessica
  1752 | D:3      | Killed Jessica
  1752 | D:3      | Reached skill level 7 in Axes
  1752 | D:3      | Reached XP level 5. HP: 43/45 MP: 4/4
  1905 | D:3      | Found a hide-covered altar of Uskayaw.
  1906 | D:3      | Found a glowing golden altar of the Shining One.
  1907 | D:3      | Found an iron altar of Okawaru.
  1908 | D:3      | Found a shimmering altar of Xom.
  1908 | D:3      | Found an opulent altar of Gozag.
  1910 | D:3      | Found a basalt altar of Yredelemnul.
  1910 | D:3      | Found a bloodstained altar of Trog.
  1911 | D:3      | Found a stormy altar of Qazlal.
  1931 | D:3      | Reached *** piety under Trog
  2116 | D:3      | Noticed an ogre
  2121 | D:3      | Killed an ogre
  2121 | D:3      | Reached skill level 8 in Axes
  2121 | D:3      | Reached XP level 6. HP: 51/51 MP: 5/5
  2661 | D:4      | Found a sacrificial altar of Ru.
  2733 | D:4      | Reached skill level 9 in Axes
  3067 | D:4      | Reached XP level 7. HP: 50/57 MP: 6/6
  3263 | D:5      | Entered Level 5 of the Dungeon
  3412 | D:5      | Reached skill level 10 in Axes
  3835 | D:5      | Reached **** piety under Trog
  3835 | D:5      | Reached skill level 11 in Axes
  4166 | D:6      | Found a glowing silver altar of Zin.
  4252 | D:6      | Reached XP level 8. HP: 64/64 MP: 7/7
  4361 | D:6      | Noticed Duvessa
  4363 | D:6      | Noticed Dowan
  4374 | D:6      | Killed Duvessa
  4376 | D:6      | Reached skill level 12 in Axes
  4379 | D:6      | Killed Dowan
  4568 | D:6      | Found a sparkling altar of Nemelex Xobeh.
  4755 | D:6      | Found a staircase to the Ecumenical Temple.
  5094 | D:7      | Found an opulent altar of Gozag.
  5300 | D:7      | Found a shimmering altar of Xom.
  5336 | D:7      | Reached skill level 13 in Axes
  5368 | D:7      | Noticed Prince Ribbit
  5887 | D:7      | Noticed a deep elf mage
  5894 | D:7      | Killed a deep elf mage
  5894 | D:7      | Reached skill level 14 in Axes
  5894 | D:7      | Reached XP level 9. HP: 70/70 MP: 8/8
  6080 | D:7      | Found Atuuw's Antique Armour Shoppe.
  6085 | D:7      | Bought a glowing chain mail for 247 gold pieces
  6165 | D:7      | Killed Prince Ribbit
  6486 | D:8      | Reached skill level 15 in Axes
  6603 | D:8      | Reached ***** piety under Trog
  6929 | D:8      | Reached skill level 16 in Axes
  7429 | D:9      | Found a staircase to the Lair.
  7430 | D:9      | Noticed a komodo dragon
  7442 | D:9      | Noticed a two-headed ogre
  7451 | D:9      | Killed a two-headed ogre
  7451 | D:9      | Reached XP level 10. HP: 69/77 MP: 9/9
  7818 | D:9      | Found a staircase to the Orcish Mines.
  7824 | D:9      | HP: 4/80 [orc warrior/hand axe (12)]
  8157 | D:9      | Reached skill level 5 in Fighting
  8445 | D:9      | Found a roughly hewn altar of Beogh.
  8752 | D:10     | Entered Level 10 of the Dungeon
  9203 | D:10     | Noticed a two-headed ogre
  9210 | D:10     | Killed a two-headed ogre
  9285 | D:10     | Received a gift from Trog
  9621 | D:10     | Noticed a two-headed ogre
  9626 | D:10     | Killed a two-headed ogre
  9626 | D:10     | Reached skill level 17 in Axes
  9626 | D:10     | Reached XP level 11. HP: 99/99 MP: 0/10
  9688 | D:10     | Noticed Joseph
  9697 | D:10     | Killed Joseph
 10181 | D:11     | Found a frozen archway.
 10295 | D:11     | Noticed a two-headed ogre
 10303 | D:11     | Killed a two-headed ogre
 10303 | D:11     | Reached skill level 18 in Axes
 10598 | D:11     | Noticed Grum
 10599 | D:11     | Noticed Erolcha
 10611 | D:11     | Killed Grum
 10612 | D:11     | Killed Erolcha
 10871 | D:11     | Noticed a two-headed ogre
 10876 | D:11     | Killed a two-headed ogre
 11225 | D:11     | Reached skill level 19 in Axes
 11247 | D:11     | Got a faintly humming scale mail
 11258 | D:11     | Identified the +3 scale mail "Uwus" {+Blink +Fly rF++ Str-4} (You found it on level 11 of the Dungeon)
 11324 | D:11     | Found a portal to a secret trove of treasure.
 11482 | D:11     | Received a gift from Trog
 12453 | D:12     | Noticed a two-headed ogre
 12459 | D:12     | Killed a two-headed ogre
 12459 | D:12     | Reached XP level 12. HP: 70/106 MP: 11/11
 12787 | D:12     | Reached skill level 20 in Axes
 12792 | D:12     | Noticed a two-headed ogre
 12799 | D:12     | Killed a two-headed ogre
 13320 | D:13     | Noticed a two-headed ogre
 13324 | D:13     | Killed a two-headed ogre
 13626 | D:13     | Noticed Kirke
 13634 | D:13     | Reached skill level 21 in Axes
 13640 | D:13     | Killed Kirke
 13803 | D:13     | Found Watech's Weapon Boutique.
 13981 | D:14     | Found Suit's Assorted Antiques.
 13989 | D:14     | Bought a pair of translucent boots for 237 gold pieces
 13989 | D:14     | Bought a scroll of identify for 50 gold pieces
 13994 | D:14     | Identified the +0 pair of boots "Siv Zaps" {rN+ Stlth+} (You bought it in a shop on level 14 of the Dungeon)
 14089 | D:14     | Got a diamond-encrusted chain mail
 14100 | D:14     | Identified the +2 chain mail of Compassion {rN+} (You found it on level 14 of the Dungeon)
 14133 | D:14     | Found a gate to the Vaults.
 14133 | D:14     | Noticed a vault guard
 14133 | D:14     | Noticed a vault guard
 14133 | D:14     | Noticed a vault guard
 14134 | D:14     | Noticed a vault guard
 14134 | D:14     | Noticed a vault guard
 14468 | D:14     | Got a pair of brightly glowing boots
 14479 | D:14     | Identified the +0 pair of boots of Darkness {-Tele Dex+2 SInv} (You found it on level 14 of the Dungeon)
 14598 | D:14     | Noticed Azrael
 14607 | D:14     | Killed Azrael
 14663 | D:14     | Killed a vault guard
 14663 | D:14     | Reached skill level 22 in Axes
 14683 | D:14     | Noticed a vault guard
 14688 | D:14     | Killed a vault guard
 14841 | D:14     | Received a gift from Trog
 14841 | D:14     | Reached XP level 13. HP: 81/113 MP: 12/12
 14858 | D:14     | HP: 2/113 [deep elf mage/bolt of lightning (23)]
 15487 | D:15     | Entered Level 15 of the Dungeon
 15623 | D:15     | Found Uked's Distillery.
 15623 | D:15     | Found Caskot's Armour Boutique.
 15624 | D:15     | Found Vubow's Book Boutique.
 15624 | D:15     | Found Woffa's Weapon Boutique.
 16205 | D:15     | Reached skill level 23 in Axes
 17049 | D:15     | Noticed Rupert
 17062 | D:15     | Killed Rupert
 17474 | D:15     | Found a staircase to the Depths.
 17914 | Depths:1 | Entered Level 1 of the Depths
 17950 | Depths:1 | Received a gift from Trog
 17957 | Depths:1 | Reached skill level 24 in Axes
 17987 | Depths:1 | Slain by a salamander (shapeshifter)

Vault maps used:
D:1:      giann_horns, st_stairs_1, minmay_close_crescents
D:2:      lemuel_crystal_altar, lemuel_crystal_altar, uniq_crazy_yiuf_cottage
D:3:      grunt_temple_overflow_open, corexii_leaking_fountain,
          grunt_decor_mini_mirrors, uniq_jessica
D:4:      old_standard_altar, first_ration
D:5:      eino_tiny_chamber
D:6:      nicolae_overflow_crystal_walls, zin_scriptorium,
          lemuel_temple_firewalk_b, uniq_duvessa
D:7:      serial_shops, shop, the_bakery, hangedman_feature_mirror,
          eino_tiny_chamber, guppyfry_early_elven_hall, uniq_prince_ribbit1
D:9:      david_lair_shrubbed, david_orc_5
D:10:     uniq_joseph
D:11:     enter_trove_2, portal_ice_cave_entry_pillars_1, lemuel_flamethrower_1,
          uniq_erolcha, uniq_grum
D:12:     minmay_misc_feat_x
D:13:     serial_shops, nicolae_shop_stone, uniq_kirke
D:14:     erik_vaults_2, serial_shops, shop_fountains, lab_entry_generic,
          roderic_serpentine_path, st_stairs_3, statue_in_the_mist_lemuel,
          uniq_azrael
D:15:     grunt_enter_depths_snipers, serial_glass, glass_columns_a,
          glass_columns_b, minivault_16, minmay_shop_grid_forest, uniq_rupert
Depths:1: abyss_entry_flame_altar, grunt_decor_one_mirror, serial_shops,
          statue_bzr, hell_entry, nemelex_altar_shiori, uniq_enchantress

Skill      XL: |  1  2  3  4  5  6  7  8  9 10 11 12 13 |
---------------+----------------------------------------+-----
Axes           | 4 5 6 7 8 9 11 14 16 17 19 22 24 | 24.1
Fighting       | 9 |  9.8
Armour         | |  2.4
Dodging        | |  2.1

Action                   |  1- 3 |  4- 6 |  7- 9 | 10-12 | 13-15 || total
-------------------------+-------+-------+-------+-------+-------++-------
Melee: Hand axe          |    78 |   144 |   173 |       |       ||   395
       Headbutt          |    14 |    23 |    52 |    87 |    59 ||   235
       War axe           |       |       |   155 |   108 |       ||   263
       Battleaxe         |       |       |       |   143 |       ||   143
       Executioner's axe |       |       |       |   173 |   203 ||   376
Throw: Javelin           |       |       |       |     6 |     9 ||    15
       Tomahawk          |       |       |       |     4 |       ||     4
Invok: Berserk           |       |     3 |    11 |    17 |    11 ||    42
       Trog's Hand       |       |       |     1 |     2 |     2 ||     5
       Brothers in Arms  |       |       |       |     2 |     1 ||     3
Evoke: Wand              |       |       |       |       |     1 ||     1
  Use: Scroll            |     1 |       |     9 |    15 |     6 ||    31
       Potion            |       |       |       |     1 |     4 ||     5
  Eat: Chunk             |     1 |     9 |    20 |    36 |     5 ||    71
       Ration            |       |       |     1 |     2 |     5 ||     8
Armor: Animal skin       |     7 |       |       |       |       ||     7
       Chain mail        |    19 |    50 |   153 |   191 |   116 ||   529
Dodge: Dodged            |    51 |    23 |    55 |   163 |    60 ||   352
Block: Shield            |    14 |    48 |   100 |    35 |       ||   197

Table legend:
 A = Spawn XP
 B = Non-spawn XP
 C = Spawn XP percentage of total XP
 D = Spawn monster count
 E = Non-spawn monster count
 F = Spawn count percentage of total count
 G = Total turns spent on level
                    A         B        C        D         E        F      G
               +---------+---------+-------+---------+---------+-------+---------
         Total |       0 |   60307 |   0.0 |       0 |     406 |   0.0 | 17987
               +---------+---------+-------+---------+---------+-------+---------
           D:1 |       0 |      50 |   0.0 |       0 |      28 |   0.0 |   879
           D:2 |       0 |     127 |   0.0 |       0 |      18 |   0.0 |   775
           D:3 |       0 |     217 |   0.0 |       0 |      21 |   0.0 |   688
           D:4 |       0 |     366 |   0.0 |       0 |      17 |   0.0 |   921
           D:5 |       0 |     468 |   0.0 |       0 |      17 |   0.0 |   838
           D:6 |       0 |     652 |   0.0 |       0 |      17 |   0.0 |   993
           D:7 |       0 |    1906 |   0.0 |       0 |      26 |   0.0 |  1194
           D:8 |       0 |    1104 |   0.0 |       0 |      18 |   0.0 |   985
           D:9 |       0 |    2553 |   0.0 |       0 |      36 |   0.0 |  1479
          D:10 |       0 |    5835 |   0.0 |       0 |      30 |   0.0 |  1426
          D:11 |       0 |    6174 |   0.0 |       0 |      33 |   0.0 |  1979
          D:12 |       0 |    6489 |   0.0 |       0 |      42 |   0.0 |  1122
          D:13 |       0 |    5956 |   0.0 |       0 |      30 |   0.0 |   676
          D:14 |       0 |    8271 |   0.0 |       0 |      23 |   0.0 |  1532
          D:15 |       0 |   16481 |   0.0 |       0 |      41 |   0.0 |  2427
      Depths:1 |       0 |    3658 |   0.0 |       0 |       9 |   0.0 |    73
               +---------+---------+-------+---------+---------+-------+---------
